 Dungeon Crawl Stone Soup version 0.28-a0-1227-ga9037bb4c8 (webtiles) character file.

Game seed: 12537699735833981961

197 horus123 the Distorting Demonspawn (level 5, -3/41 HPs)
             Began as a Demonspawn Abyssal Knight on Dec 23, 2021.
             Was a Believer of Lugonu.
             Slain by Crazy Yiuf (10 damage)
             ... on level 3 of the Dungeon.
             The game lasted 00:04:14 (2632 turns).

horus123 the Distorting Demonspawn (DsAK)           Turns: 2632, Time: 00:04:14

Health: -3/41      AC:  7    Str: 16    XL:     5   Next: 46%
Magic:  8/8        EV: 11    Int: 11    God:    Lugonu [**....]
Gold:   117        SH:  0    Dex: 13    Spells: 4/4 levels left

rFire   . . .      SeeInvis .   a - +1 spear
rCold   . . .      Faith    .   (no shield)
rNeg    . . .      Spirit   .   b - +0 leather armour
rPois   .          Reflect  .   l - +0 helmet
rElec   .          Harm     .   h - +0 cloak {rCorr}
rCorr   +          Rampage  .   (no gloves)
Will    .....                   (no boots)
Stlth   +.........              (no amulet)
HPRegen 0.13/turn               (no ring)
MPRegen 0.11/turn               (no ring)

@: lethally poisoned (-3 -> -7)
A: yellow scales 1, spiny 1
a: Renounce Religion, Depart the Abyss, Bend Space


You were on level 3 of the Dungeon.
You worshipped Lugonu.
Lugonu was pleased with you.
You visited 1 branch of the dungeon, and saw 3 of its levels.
You visited the Abyss 1 time.

You collected 137 gold pieces.
You spent 20 gold pieces at shops.

Inventory:

Hand Weapons
 a - a +1 spear (weapon)
Armour
 b - a +0 leather armour (worn)
 h - a +0 cloak of preservation (worn)
 l - a +0 helmet (worn)
Jewellery
 c - a ring of resist corrosion
Scrolls
 d - a scroll of noise
 f - a scroll of fear
 g - a scroll of blinking
Potions
 e - a potion of curing {unknown}
 i - a potion of degeneration
 j - 2 potions of brilliance
 k - a potion of mutation


   Skills:
 - Level 3.1 Fighting
 - Level 4.2 Polearms
 - Level 1.7 Armour
 - Level 0.8 Dodging
 + Level 4.9 Invocations


You had 4 spell levels left.
You didn't know any spells.
Your spell library was empty.

Dungeon Overview and Level Annotations

Branches:
Dungeon (3/15)

Altars:
Kikubaaqudgha

Shops:
D:1 ?

Annotations:
D:3 Crazy Yiuf


Innate Abilities, Weirdness & Mutations

You are partially covered in yellow scales. (AC +2)
You are partially covered in sharp spines.


Message History

No target in view!
No target in view!
No target in view!
No target in view!
No target in view!
No target in view!
No target in view!
You see here a +0 leather armour.
Found a stone staircase leading up.
No target in view!
Found a mace.
Found a runed translucent door.
Okay, then.
Crazy Yiuf shouts!
You open the door. You hit Crazy Yiuf but do no damage.
Crazy Yiuf hits you with a +2 quarterstaff of chaos!
You are poisoned.
You completely miss Crazy Yiuf.
You feel sick. Crazy Yiuf is struck by your spines.
Crazy Yiuf hits you with a +2 quarterstaff of chaos!
Crazy Yiuf freezes you.
You are too injured to fight recklessly!
You are too injured to fight recklessly!
You are too injured to fight recklessly!
Unknown command.
You barely miss Crazy Yiuf.
Crazy Yiuf is lightly wounded.
You feel sick.
Crazy Yiuf hits you with a +2 quarterstaff of chaos.
* * * LOW HITPOINT WARNING * * *
Crazy Yiuf freezes you.
* * * LOW HITPOINT WARNING * * *
Unknown command.
Unknown command.
You closely miss Crazy Yiuf.
Crazy Yiuf is lightly wounded.
You feel sick.
Crazy Yiuf grits, "Mountain!"
Crazy Yiuf hits you with a +2 quarterstaff of chaos!
You die...

#.................######
##########'######## #
#......# # ######## #
######### ♣♣♣♣♣##........
### ♣♣♣.♣.P..###.....
#...#♣..♣..P...##.####
#...g@♣♣♣♣P.....#.#
#)..#♣♣ ♣♣P......# ###
♣♣#####.# ####.# #####
#....#
#...################....#
##.......................#
#........................#
#........................#


You could see Crazy Yiuf.

Vanquished Creatures
  A centaur skeleton (D:3)
  Jessica (D:2)
  An iguana (D:3)
  3 adders
  2 worms
  4 dart slugs
  5 ball pythons
  8 bats
  11 endoplasms
  A giant cockroach (D:2)
  8 goblins
  5 hobgoblins
  4 jackals (D:3)
  7 kobolds
  3 quokkas
  2 frilled lizards (D:1)
  10 rats
76 creatures vanquished.

Notes
Turn   | Place    | Note
-------+----------+-------------------------------------------
     0 | Abyss:1  | horus123 the Demonspawn Abyssal Knight began the quest for
                  | the Orb.
     0 | Abyss:1  | Reached XP level 1. HP: 18/18 MP: 2/2
   133 | Abyss:1  | Noticed a chaos spawn
   134 | D:1      | Escaped the Abyss
   595 | D:1      | Reached * piety under Lugonu
   596 | D:1      | Gained mutation: You are partially covered in yellow
                  | scales. (AC +2) [demonic ancestry]
   596 | D:1      | Reached XP level 2. HP: 22/24 MP: 3/3
   679 | D:1      | Found a faded altar of an unknown god.
   714 | D:1      | Found Hiqovuc's Magic Scroll Boutique.
   722 | D:1      | Bought a scroll of identify for 20 gold pieces
   946 | D:1      | Reached XP level 3. HP: 29/29 MP: 4/4
  1319 | D:2      | Noticed Jessica
  1332 | D:2      | Killed Jessica
  1446 | D:2      | Gained mutation: You are partially covered in sharp spines.
                  | [demonic ancestry]
  1446 | D:2      | Reached XP level 4. HP: 35/35 MP: 5/5
  1754 | D:2      | Found an ancient bone altar of Kikubaaqudgha.
  1797 | D:2      | Reached ** piety under Lugonu
  2184 | D:3      | Reached XP level 5. HP: 36/41 MP: 6/8
  2624 | D:3      | Found a runed translucent door.
  2625 | D:3      | Noticed Crazy Yiuf
  2632 | D:3      | Slain by Crazy Yiuf

Illustrated notes

Levels and vault maps discovered:
D:1:      lemuel_arrival_tunnels, layout_loops_ring,
          ebering_ecumenical_altar_webs, serial_shops, nicolae_square_shop
D:2:      layout_loops_ring, basic_altar, uniq_jessica
D:3:      layout_basic, minmay_circle_x, uniq_crazy_yiuf_cottage

Skill      XL: |  1  2  3  4 |
---------------+-------------+-----
Polearms       | 2 3 4 |  4.2
Invocations    | 4 |  4.9
Fighting       | |  3.1
Armour         | |  1.7
Dodging        | |  0.8

Action                   |  1- 3 |  4- 6 || total
-------------------------+-------+-------++-------
Melee: Spear             |   140 |   107 ||   247
Invok: Depart the Abyss  |     1 |       ||     1
  Use: Scroll            |     1 |     5 ||     6
 Stab: Sleeping          |     3 |     2 ||     5
Armor: Leather armour    |    38 |    18 ||    56
Dodge: Dodged            |    65 |    25 ||    90

Table legend: (Time is in decaauts)
 A = Elapsed time spent in this place.
 B = Non-inter-level travel time spent in this place.
 C = Inter-level travel time spent in this place.
 D = Time resting spent in this place.
 E = Time spent auto-exploring this place.
 F = Levels seen in this place.
 G = Mean time per level.
                   A        B        C        D        E       F      G
               +--------+--------+--------+--------+--------+-----+--------+
         Total |   2614 |   2578 |     36 |      0 |   2071 |   4 |  653.5 |
       Dungeon |   2479 |   2443 |     36 |      0 |   1940 |   3 |  826.3 |
         Abyss |    134 |    134 |      0 |      0 |    131 |   1 |  134.0 |
               +--------+--------+--------+--------+--------+-----+--------+

Top non-repeatable levels by time:
     D:1: 1180 daAuts
     D:2: 761 daAuts
     D:3: 537 daAuts
 Abyss:1: 134 daAuts
